AoeStats
← Xanny

Four Lakes

503584828Analyzed
4v4 RM · 1mo ago on Sep 1, 2026· 26m 56s· 8 players
Game mode
Random Map
Map size
Large (8 player)
Population
200
Speed
Normal
Resources
Standard
Victory
Conquest
Starting age
Dark Age
Ending age
Imperial Age
RankedLock teamsTeams togetherTeam positionsShared explorationLock speedFull tech treeHidden civsTurbo modeCheats
Victory
Defeat
🇨🇳 Dravidians · China
1418
+11
🇮🇩 Berbers · Indonesia
1283
+17
🇩🇪 Persians · Germany
1256
+18
🇦🇷 Magyars · Argentina
1211
+20
🇫🇷 Maya · France
1349
-19
🇹🇷 Hindustanis · Türkiye
1315
-17
🇷🇺 Turks · Russia
1266
-15
🇫🇷 Cumans · France
1250
-14
Monk
6:46 Loom
9:00 Feudal Age
9:42 Double-Bit Axe
14:01 Bloodlines
25:35 Castle Age
24:14 Scale Barding Armor
24:48 Forging
24:23 Horse Collar
24:37 Gold Mining
25:46 Wheelbarrow
Aiden
0:26 Loom
9:27 Feudal Age
9:57 Double-Bit Axe
13:17 Gold Mining
15:43 Fletching
22:02 Castle Age
20:11 Padded Archer Armor
23:05 Thumb Ring
23:05 Crossbowman
23:51 Bodkin Arrow
boomer2000
8:46 Loom
11:12 Feudal Age
15:29 Castle Age
15:59 Double-Bit Axe
17:00 Horse Collar
17:57 Bow Saw
Sahraoui
6:23 Loom
6:30 Loom
10:35 Feudal Age
12:08 Double-Bit Axe
13:36 Horse Collar
19:10 Scale Barding Armor
21:37 Forging
22:14 Bloodlines
26:11 Castle Age
Marneus
4:51 Loom
10:33 Feudal Age
15:28 Bloodlines
23:49 Castle Age
21:58 Scale Barding Armor
22:25 Fletching
24:17 Husbandry
Xanny
7:11 Loom
9:55 Feudal Age
10:37 Double-Bit Axe
15:03 Scale Barding Armor
17:37 Fishing Lines
20:52 Castle Age
19:48 Bloodlines
21:13 Forging
22:18 Gillnets
22:49 Bow Saw
24:03 Husbandry
24:26 Chain Barding Armor
24:42 Iron Casting
XINGBAO
8:25 Loom
11:09 Feudal Age
11:39 Double-Bit Axe
14:00 Horse Collar
18:01 Scale Barding Armor
19:53 Bloodlines
22:14 Castle Age
21:24 Bloodlines
22:41 Gold Mining
23:28 Chain Barding Armor
23:41 Fletching
25:52 Bow Saw
25:23 Light Cavalry
26:07 Husbandry
小鸡
6:54 Loom
8:48 Feudal Age
10:19 Double-Bit Axe
12:39 Town Watch
15:46 Fletching
17:09 Padded Archer Armor
22:46 Castle Age
20:50 Gold Mining
25:13 Wheelbarrow
24:15 Crossbowman
24:52 Bodkin Arrow
25:47 Bow Saw
Connection lost

Rejoining the realm…

Still unreachable

The connection could not be restored.

Session expired

The server has moved on; the page needs a fresh start.